 Dungeon Crawl Stone Soup version 0.18.1-5-g4a78601 (webtiles) character file.

1535 mopl the Covert (level 8, -8/46 HPs)
             Began as a High Elf Enchanter on May 11, 2016.
             Was a Believer of Dithmenos.
             Killed from afar by Joseph (26 damage)
             ... with a wand of lightning
             ... on level 7 of the Dungeon.
             The game lasted 00:14:59 (6153 turns).

mopl the Covert (High Elf Enchanter)                Turns: 6153, Time: 00:15:00

Health: -8/46      AC:  5    Str:  7    XL:     8   Next: 55%
Magic:  4/15       EV: 13    Int: 20    God:    Dithmenos [**....]
Gold:   292        SH:  3    Dex: 17    Spells: 5 memorised, 3 levels left

rFire  + . .     SeeInvis +     a - +1 dagger
rCold  . . .     Gourm    .     x - +1 robe
rNeg   . . .     Faith    .     (no shield)
rPois  .         Spirit   .     k - +0 helmet
rElec  .         Dismiss  .     (no cloak)
rCorr  .         Reflect  +     (no gloves)
SustAt .         Harm     .     N - +0 pair of boots
MR     .....                    O - +3 amulet of reflection
Stlth  +++++.....               n - ring of protection from fire
                                f - ring of see invisible

@: wreathed by umbra, not resistant to hostile enchantments, quite stealthy
A: no striking features
a: Shadow Step, Renounce Religion


You were on level 7 of the Dungeon.
You worshipped Dithmenos.
Dithmenos was pleased with you.
You were not hungry.

You visited 2 branches of the dungeon, and saw 8 of its levels.

You collected 292 gold pieces.

Inventory:

Hand Weapons
 a - a +1 dagger (weapon)
 b - a +0 blowgun
 u - a +0 long sword
 G - a +1 rapier of protection
Missiles
 j - 16 poisoned needles
 y - 5 tomahawks (quivered)
 Q - 2 throwing nets
Armour
 k - a +0 helmet (worn)
 x - a +1 robe (worn)
 B - the +3 leather armour of Ru's Approval {rPois Int+4 Dex+2, unknown}
   (You found it on level 4 of the Dungeon)

   It affects your intelligence (+4).
   It affects your dexterity (+2).
   It protects you from poison.
 N - a +0 pair of boots (worn)
Jewellery
 f - a ring of see invisible (left hand)
 i - an uncursed amulet of guardian spirit
 n - a ring of protection from fire (right hand)
 O - a +3 amulet of reflection (around neck)
Wands
 q - a wand of paralysis (12/24)
 P - a wand of hasting (3/9)
 R - a wand of confusion (25/48)
Scrolls
 e - 2 scrolls of amnesia {unknown}
 g - 2 scrolls of teleportation {unknown}
 h - 3 scrolls of enchant armour {unknown}
 l - 3 scrolls of fog {unknown}
 m - 3 scrolls of identify {unknown}
 p - 5 scrolls of blinking {unknown}
 w - 5 scrolls of remove curse {unknown}
 A - a scroll of immolation {unknown}
 I - a scroll of noise {unknown}
 J - a scroll of summoning {unknown}
 M - a scroll of enchant weapon {unknown}
Potions
 r - 3 potions of agility {unknown}
 s - a potion of cure mutation {unknown}
 t - a potion of resistance {unknown}
 z - a potion of cancellation {unknown}
 C - a potion of heal wounds {unknown}
 D - 2 potions of might {unknown}
 E - 3 potions of curing {unknown}
 F - 2 potions of brilliance {unknown}
 H - a potion of magic {unknown}
 L - 2 potions of ambrosia {unknown}
Books
 c - a book of Maledictions

   Spells                             Type                      Level
   a - Corona                         Hexes                        1
   b - Ensorcelled Hibernation        Hexes/Ice                    2
   c - Confuse                        Hexes                        3
   d - Tukima's Dance                 Hexes                        3
   e - Dazzling Spray                 Conjuration/Hexes            3
Comestibles
 d - 5 bread rations
 o - 2 beef jerkies
 v - 4 meat rations
 K - 2 chunks of flesh


   Skills:
 + Level 4.4 Short Blades
 + Level 1.3 Throwing
 - Level 2.1 Dodging
 * Level 8.0 Stealth
 - Level 4.2 Spellcasting
 * Level 7.0 Hexes
 - Level 3.0 Ice Magic


You had 3 spell levels left.
You knew the following spells:

 Your Spells              Type           Power        Failure   Level  Hunger
a - Corona                Hex            ####...      1%          1    None
b - Ensorcelled Hibernat  Hex/Ice        ###...       2%          2    #......
c - Confuse               Hex            ####....     1%          3    ###....
d - Tukima's Dance        Hex            ####....     1%          3    ###....
g - Dazzling Spray        Conj/Hex       ###.....     10%         3    ###....


Dungeon Overview and Level Annotations

Branches:
Dungeon (7/15)             Temple (1/1) D:7

Altars:
Ashenzari
Dithmenos
Elyvilon
Fedhas
Gozag
Nemelex Xobeh
Pakellas
Qazlal
Trog
Vehumet
Zin

Annotations:
D:7 Joseph


Message History

Confirm with . or Enter, or press ? or * to list all spells.
Aiming: Confuse
Press: ? - help, Shift-Dir - straight line, f/p - Joseph
Aim: Joseph, wearing a leather armour (severely wounded, umbra, chance to defeat MR: 43%) Joseph resists with some effort.
Joseph barely misses you.
Unknown command.
You closely miss Joseph.
Joseph is severely wounded.
Your quarterstaff barely misses Joseph.
Joseph zaps a wand.
The bolt of lightning misses you. x2; It is a wand of lightning.
You hit Joseph but do no damage.
Joseph is severely wounded.
Your quarterstaff hits Joseph. Joseph barely misses your quarterstaff.
You barely miss Joseph.
Joseph is severely wounded.
You hit Joseph.
Joseph is severely wounded.
Joseph zaps a wand.
The bolt of lightning hits you! x2
Ouch! That really hurt!
You die...

#.# #.# ..# #.#
..##### #.#
....... #.#
....... #.##
....... ...#
....... #..#
####....... #..#
#..@@(.....
...#####
#.#########
.......# #.#
..####.# #.#
).####.# ###.#
.......# ##.8.##
#.#########.....#
.>...).(...8.>.8#
#.######.#......#


You could see Joseph and a friendly quarterstaff.

Vanquished Creatures
  Eustachio (D:5)
  A water moccasin (D:5)
  Duvessa (D:7)
  An orc warrior (D:6)
  A sky beast (D:6)
  An ogre (D:6)
  A centaur (D:4)
  A giant frog (D:6)
  Dowan (D:7)
  A scorpion (D:5)
  3 howler monkeys
  A giant frog zombie (D:6)
  A crimson imp (D:6)
  A quasit (D:5)
  A hound (D:4)
  An orc priest (D:6)
  A giant frog skeleton (D:7)
  An iguana (D:6)
  3 orc wizards (D:6)
  A worker ant zombie (D:6)
  A howler monkey zombie (D:5)
  A howler monkey skeleton (D:5)
  5 adders
  3 gnolls
  An adder skeleton (D:7)
  5 worms
  A dart slug (D:3)
  5 giant geckos
  15 orcs
  3 ball pythons
  8 bats
  5 giant cockroaches
  10 hobgoblins
  10 jackals
  8 kobolds
  5 quokkas
  2 giant newts
  6 goblins
  A quokka zombie (D:6)
  6 rats
125 creatures vanquished.

Vanquished Creatures (collateral kills)
  An ogre (D:5)
1 creature vanquished.

Vanquished Creatures (others)
  A dancing weapon (D:6)
1 creature vanquished.

Grand Total: 127 creatures vanquished

Notes
Turn   | Place    | Note
--------------------------------------------------------------
     0 | D:1      | mopl the High Elf Enchanter began the quest for the Orb.
     0 | D:1      | Reached XP level 1. HP: 11/11 MP: 4/4
  1010 | D:1      | Reached XP level 2. HP: 12/17 MP: 4/6
  1014 | D:1      | Learned a level 2 spell: Ensorcelled Hibernation
  1498 | D:2      | Reached skill level 4 in Stealth
  1527 | D:2      | Reached XP level 3. HP: 20/21 MP: 2/8
  1535 | D:2      | Learned a level 3 spell: Confuse
  2070 | D:3      | Found a radiant altar of Vehumet.
  2074 | D:3      | Reached skill level 3 in Spellcasting
  2267 | D:3      | Found a stormy altar of Qazlal.
  2303 | D:3      | Reached XP level 4. HP: 25/27 MP: 3/9
  2397 | D:3      | Reached skill level 1 in Ice Magic
  2763 | D:3      | Found a shadowy altar of Dithmenos.
  2778 | D:3      | Became a worshipper of Dithmenos the Shadowed
  3316 | D:4      | Got a jewelled leather armour
  3437 | D:4      | Found an oddly glowing altar of Pakellas.
  3506 | D:4      | Noticed a centaur
  3545 | D:4      | Killed a centaur
  3545 | D:4      | Reached skill level 4 in Hexes
  3545 | D:4      | Reached XP level 5. HP: 7/31 MP: 0/11
  3918 | D:4      | Reached skill level 2 in Short Blades
  3918 | D:4      | Reached skill level 5 in Stealth
  4152 | D:5      | Entered Level 5 of the Dungeon
  4162 | D:5      | Reached XP level 6. HP: 32/36 MP: 6/12
  4233 | D:5      | Found a glowing silver altar of Zin.
  4261 | D:5      | Learned a level 3 spell: Tukima's Dance
  4265 | D:5      | Learned a level 3 spell: Dazzling Spray
  4280 | D:5      | Noticed Eustachio
  4414 | D:5      | Killed Eustachio
  4414 | D:5      | Reached skill level 5 in Hexes
  4414 | D:5      | Reached skill level 2 in Ice Magic
  4521 | D:5      | Reached * piety under Dithmenos
  4659 | D:5      | Noticed a water moccasin
  4666 | D:5      | Killed a water moccasin
  4666 | D:5      | Reached skill level 6 in Stealth
  4666 | D:5      | Reached skill level 4 in Spellcasting
  4666 | D:5      | Reached XP level 7. HP: 38/41 MP: 3/14
  4707 | D:5      | Found a bloodstained altar of Trog.
  4779 | D:6      | Reached skill level 3 in Short Blades
  5176 | D:6      | Reached skill level 7 in Stealth
  5176 | D:6      | Reached skill level 6 in Hexes
  5287 | D:6      | Reached XP level 8. HP: 46/46 MP: 15/15
  5295 | D:6      | Found a white marble altar of Elyvilon.
  5391 | D:6      | Reached skill level 4 in Short Blades
  5391 | D:6      | Reached skill level 3 in Ice Magic
  5911 | D:6      | Reached ** piety under Dithmenos
  6091 | D:7      | Noticed Dowan
  6093 | D:7      | Found a staircase to the Ecumenical Temple.
  6093 | D:7      | Noticed Duvessa
  6109 | D:7      | Killed Duvessa
  6109 | D:7      | Reached skill level 1 in Throwing
  6121 | D:7      | Killed Dowan
  6121 | D:7      | Reached skill level 8 in Stealth
  6121 | D:7      | Reached skill level 7 in Hexes
  6132 | Temple   | Entered the Ecumenical Temple
  6143 | D:7      | Noticed Joseph
  6153 | D:7      | Killed from afar by Joseph

Skill      XL: |  1  2  3  4  5  6  7  8 |
---------------+-------------------------+-----
Stealth        | 4 5 6 7 8 |  8.0
Spellcasting   | 3 4 |  4.2
Ice Magic      | 1 2 3 |  3.0
Hexes          | 4 5 6 7 |  7.0
Short Blades   | 2 3 4 |  4.4
Throwing       | 1 |  1.3
Dodging        | |  2.1

Action                   |  1- 3 |  4- 6 |  7- 9 || total
-------------------------+-------+-------+-------++-------
Melee: Dagger            |   103 |    97 |    93 ||   293
 Cast: Corona            |     8 |       |     1 ||     9
       Ensorcelled Hiber |    15 |    36 |    41 ||    92
       Confuse           |       |     4 |    10 ||    14
       Tukima's Dance    |       |     1 |     6 ||     7
Evoke: Wand              |       |     4 |       ||     4
 Stab: Sleeping          |    17 |    37 |    33 ||    87
       Paralysed         |       |     2 |       ||     2
       Confused          |       |     3 |     4 ||     7
  Eat: Chunk             |     5 |     9 |     7 ||    21
Armor: Robe              |    24 |    16 |     7 ||    47
Dodge: Dodged            |    65 |    57 |    48 ||   170
Block: Other             |       |       |     3 ||     3
